TOP OF THE 1ST |
Grand Junction Rockies batting - Pitching for Philadelphia (APP) Phillies : LHP Justin Harrison
|
Pitching: LHP Justin Harrison
|
|
Batting: SHB Justin Jackson
|
0-0: Ground out 5-3 (Groundball, 56, EV 87.5 MPH)
|
Batting: RHB Edwin Bejarano
|
0-0: Ball 1-0: Ball 2-0: Called Strike 2-1: TRIPLE (Flyball, 9LD, EV 106.9 MPH)
|
Batting: RHB Dan Hoffman
|
0-0: Fly out, F7 (Flyball, 78S, EV 93.8 MPH)
|
Batting: LHB Georges Lambert
|
0-0: Ball 1-0: Foul Ball, location: 2F 1-1: Ball Wild Pitch! Edwin Bejarano scores 2-1: Ball 3-1: Foul Ball, location: 2F 3-2: SINGLE (Line Drive, 9LS, EV 105.6 MPH)
|
Batting: LHB Tom Bemis
|
0-0: Called Strike 0-1: Called Strike 0-2: Foul Ball, location: 2F 0-2: Foul Ball, location: 2F 0-2: Foul Ball, location: 3F, Error on foul ball, E3 0-2: Ball 1-2: Ball Passed Ball! Georges Lambert to second 2-2: Ball 3-2: Ground out U3 (Groundball, 3, EV 91.9 MPH)
|
Top of the 1st over - 1 run, 2 hits, 1 error, 1 left on base; Grand Junction 1 - Philadelphia (APP) 0 |
BOTTOM OF THE 1ST |
Philadelphia (APP) Phillies batting - Pitching for Grand Junction Rockies : RHP Julio Marquez
|
Pitching: RHP Julio Marquez
|
|
Batting: RHB Dan Doggett
|
0-0: Ball 1-0: Ball 2-0: Called Strike 2-1: Foul Ball, location: 2F 2-2: Ground out 5-3 (Groundball, 5, EV 105.0 MPH)
|
Batting: LHB Victor Estrada
|
0-0: Ball 1-0: Ball 2-0: Called Strike 2-1: Ball 3-1: Base on Balls
|
Batting: SHB Sam Fredrick
|
0-0: Ball 1-0: Foul Ball, location: 2F 1-1: Foul Ball, location: 2F 1-2: Fly out, F8 (Flyball, 78D, EV 107.5 MPH)
|
Batting: LHB Jessie Whedbee
|
0-0: Called Strike 0-1: Ball 1-1: Fly out, F7 (Flyball, 78S, EV 89.4 MPH)
|
Bottom of the 1st over - 0 runs, 0 hits, 0 errors, 1 left on base; Grand Junction 1 - Philadelphia (APP) 0 |
TOP OF THE 2ND |
Grand Junction Rockies batting - Pitching for Philadelphia (APP) Phillies : LHP Justin Harrison
|
Pitching: RHP Robert Mccabe
|
|
Batting: SHB Oscar Barahona
|
0-0: Fly out, F8 (Flyball, 8LM, EV 87.5 MPH)
|
Batting: SHB J.D. Newman
|
0-0: Ball 1-0: Ground out U3 (Groundball, 34, EV 103.1 MPH)
|
Batting: RHB Xavier Williams
|
0-0: Swinging Strike 0-1: Called Strike 0-2: Strikes out swinging
|
Top of the 2nd over - 0 runs, 0 hits, 0 errors, 0 left on base; Grand Junction 1 - Philadelphia (APP) 0 |
BOTTOM OF THE 2ND |
Philadelphia (APP) Phillies batting - Pitching for Grand Junction Rockies : RHP Julio Marquez
|
Batting: RHB Nick Maxwell
|
0-0: Ball 1-0: Ball 2-0: Foul Ball, location: 2F 2-1: Ball 3-1: Base on Balls
|
Batting: RHB Jose Hurtado
|
0-0: Ball 1-0: SINGLE (Line Drive, 89S, EV 103.8 MPH) Nick Maxwell to second
|
Batting: RHB Mike Ryan
|
0-0: Ground out 6-3 (Groundball, P, EV 86.2 MPH) Nick Maxwell to third Jose Hurtado to second
|
Batting: RHB Takuzo Sato
|
0-0: Ball 1-0: Ball 2-0: Foul Ball, location: 2F 2-1: Swinging Strike 2-2: Ball 3-2: Strikes out swinging
|
Batting: RHB Rüdiger Stritter
|
0-0: Called Strike 0-1: Foul Ball, location: 2F 0-2: Strikes out swinging
|
Bottom of the 2nd over - 0 runs, 1 hit, 0 errors, 2 left on base; Grand Junction 1 - Philadelphia (APP) 0 |
TOP OF THE 3RD |
Grand Junction Rockies batting - Pitching for Philadelphia (APP) Phillies : RHP Robert Mccabe
|
Batting: RHB Tom Gentry
|
0-0: Called Strike 0-1: Foul Ball, location: 2F 0-2: Ball 1-2: Strikes out swinging
|
Batting: SHB Justin Jackson
|
0-0: Ball 1-0: Ball 2-0: Ball 3-0: Base on Balls
|
Batting: RHB Edwin Bejarano
|
0-0: 2-RUN HOME RUN (Flyball, 89XD, EV 103.1 MPH), Distance : 415 ft
|
Batting: RHB Dan Hoffman
|
0-0: Ball 1-0: Ball 2-0: Ball 3-0: Called Strike 3-1: Base on Balls
|
Pitching: LHP Marc Haigler
|
|
Batting: LHB Georges Lambert
|
0-0: Ball Passed Ball! Dan Hoffman to second 1-0: Ball 2-0: Ball Passed Ball! Dan Hoffman to third 3-0: Base on Balls
|
Batting: LHB Tom Bemis
|
0-0: Ball 1-0: Called Strike 1-1: Ball 2-1: Called Strike 2-2: 3-RUN HOME RUN (Flyball, 89XD, EV 107.5 MPH), Distance : 408 ft
|
Batting: SHB Oscar Barahona
|
0-0: Fly out, F7 (Flyball, 78M, EV 96.2 MPH)
|
Batting: SHB J.D. Newman
|
0-0: Ball 1-0: Foul Ball, location: 2F 1-1: DOUBLE (Line Drive, 9LD, EV 106.9 MPH)
|
Batting: RHB Xavier Williams
|
0-0: Ball Passed Ball! J.D. Newman to third 1-0: 2-RUN HOME RUN (Flyball, 7D, EV 93.1 MPH), Distance : 361 ft
|
Batting: RHB Tom Gentry
|
0-0: Called Strike 0-1: Fly out, F3 (Popup, 3S, EV 81.9 MPH)
|
Top of the 3rd over - 7 runs, 4 hits, 0 errors, 0 left on base; Grand Junction 8 - Philadelphia (APP) 0 |
BOTTOM OF THE 3RD |
Philadelphia (APP) Phillies batting - Pitching for Grand Junction Rockies : RHP Julio Marquez
|
Batting: RHB Dan Doggett
|
0-0: Foul Ball, location: 2F 0-1: Foul Ball, location: 2F 0-2: Ball 1-2: Ball 2-2: Ground out U3 (Groundball, 34S, EV 67.5 MPH)
|
Batting: LHB Victor Estrada
|
0-0: Ground out U3 (Groundball, 34, EV 100.6 MPH)
|
Batting: SHB Sam Fredrick
|
0-0: Ball 1-0: Swinging Strike 1-1: Ball 2-1: Ball 3-1: Called Strike 3-2: Base on Balls
|
Batting: LHB Jessie Whedbee
|
0-0: Foul Ball, location: 2F 0-1: Ball 1-1: Ball 2-1: Foul Ball, location: 2F 2-2: Strikes out swinging
|
Bottom of the 3rd over - 0 runs, 0 hits, 0 errors, 1 left on base; Grand Junction 8 - Philadelphia (APP) 0 |
TOP OF THE 4TH |
Grand Junction Rockies batting - Pitching for Philadelphia (APP) Phillies : LHP Marc Haigler
|
Batting: SHB Justin Jackson
|
0-0: Ball 1-0: Foul Ball, location: 2F 1-1: Ball 2-1: SINGLE (Line Drive, 8RS, EV 93.1 MPH)
|
Batting: RHB Edwin Bejarano
|
0-0: Ball Passed Ball! Justin Jackson to second 1-0: Called Strike 1-1: Swinging Strike Passed Ball! Justin Jackson to third 1-2: Ball 2-2: Ball 3-2: Base on Balls
|
Batting: RHB Dan Hoffman
|
0-0: Ball 1-0: Ball 2-0: Fly out, F7 (Flyball, 7LM, EV 96.2 MPH)
|
Batting: LHB Georges Lambert
|
0-0: Ball 1-0: Ball 2-0: Ball 3-0: Called Strike 3-1: Base on Balls Edwin Bejarano to second
|
Batting: LHB Tom Bemis
|
0-0: Ball 1-0: Called Strike 1-1: Swinging Strike 1-2: Ball Wild Pitch! Justin Jackson scores Edwin Bejarano to third Georges Lambert to second 2-2: Ball 3-2: Base on Balls
|
Batting: SHB Oscar Barahona
|
0-0: Ball 1-0: Foul Ball, location: 2F 1-1: Called Strike 1-2: Fly out, F7 (Flyball, 7, EV 93.1 MPH)
|
Batting: SHB J.D. Newman
|
0-0: Called Strike Balk! Edwin Bejarano scores Georges Lambert to third Tom Bemis to second 0-1: Ball 1-1: Ball Passed Ball! Georges Lambert scores Tom Bemis to third 2-1: Called Strike 2-2: Ball 3-2: Base on Balls
|
Pitching: LHP Chris Alexopoulos
|
|
Batting: RHB Xavier Williams
|
0-0: Called Strike 0-1: Ball 1-1: SINGLE (Groundball, 56D, EV 95.0 MPH) Tom Bemis scores J.D. Newman to second Runner from 2nd tries for 3rd, OUT! 7-5
|
Top of the 4th over - 4 runs, 2 hits, 0 errors, 1 left on base; Grand Junction 12 - Philadelphia (APP) 0 |
BOTTOM OF THE 4TH |
Philadelphia (APP) Phillies batting - Pitching for Grand Junction Rockies : RHP Julio Marquez
|
Batting: RHB Nick Maxwell
|
0-0: Ball 1-0: Swinging Strike 1-1: Called Strike 1-2: Ball 2-2: Strikes out looking
|
Batting: RHB Jose Hurtado
|
0-0: Foul Ball, location: 2F 0-1: Swinging Strike 0-2: DOUBLE (Line Drive, 78XD, EV 104.4 MPH)
|
Batting: RHB Mike Ryan
|
0-0: Ball 1-0: Ground out 6-3 (Groundball, 56D, EV 94.4 MPH)
|
Batting: RHB Takuzo Sato
|
0-0: Ball 1-0: Ball 2-0: Called Strike 2-1: Foul Ball, location: 2F 2-2: Ball 3-2: Strikes out swinging
|
Bottom of the 4th over - 0 runs, 1 hit, 0 errors, 1 left on base; Grand Junction 12 - Philadelphia (APP) 0 |
TOP OF THE 5TH |
Grand Junction Rockies batting - Pitching for Philadelphia (APP) Phillies : LHP Chris Alexopoulos
|
Batting: RHB Tom Gentry
|
0-0: Called Strike 0-1: Ball 1-1: Foul Ball, location: 2F 1-2: Ground out 3-1 (Groundball, 34, EV 106.2 MPH)
|
Batting: SHB Justin Jackson
|
0-0: Ball 1-0: Ball 2-0: Ball 3-0: Called Strike 3-1: Base on Balls
|
Batting: RHB Edwin Bejarano
|
0-0: Ball Wild Pitch! Justin Jackson to second 1-0: Ball 2-0: SINGLE (Groundball, 4MS, EV 67.5 MPH) (infield hit) Justin Jackson to third
|
Batting: RHB Dan Hoffman
|
0-0: Ball Wild Pitch! Justin Jackson scores Edwin Bejarano to second 1-0: SINGLE (Flyball, 78S, EV 91.9 MPH) Edwin Bejarano to third Runner from 3rd tries for Home, SAFE, throw by LF to home
|
Batting: LHB Georges Lambert
|
0-0: Foul Ball, location: 2F 0-1: Reached on error, E4 (Groundball, 4S, EV 66.9 MPH) Dan Hoffman to third
|
Pitching: RHP Robert Chauvel
|
|
Batting: LHB Tom Bemis
|
0-0: Ball 1-0: Foul Ball, location: 2F 1-1: 3-RUN HOME RUN (Flyball, 78XD, EV 106.9 MPH), Distance : 409 ft
|
Batting: SHB Oscar Barahona
|
0-0: Ball 1-0: Swinging Strike 1-1: Ball 2-1: Ball 3-1: Base on Balls
|
Batting: SHB J.D. Newman
|
0-0: Swinging Strike 0-1: Ball 1-1: DOUBLE (Flyball, 78XD, EV 95.0 MPH) Oscar Barahona to third
|
Batting: RHB Xavier Williams
|
0-0: Ground out U3 (Groundball, 3, EV 98.8 MPH)
|
Batting: RHB Tom Gentry
|
0-0: Ball 1-0: Swinging Strike 1-1: Fly out, F7 (Flyball, 7S, EV 90.0 MPH)
|
Top of the 5th over - 5 runs, 4 hits, 1 error, 2 left on base; Grand Junction 17 - Philadelphia (APP) 0 |
BOTTOM OF THE 5TH |
Philadelphia (APP) Phillies batting - Pitching for Grand Junction Rockies : RHP Julio Marquez
|
Batting: RHB Rüdiger Stritter
|
0-0: Called Strike 0-1: Swinging Strike 0-2: Strikes out swinging
|
Batting: RHB Dan Doggett
|
0-0: Ball 1-0: Ball 2-0: SINGLE (Groundball, 56D, EV 99.4 MPH)
|
Batting: LHB Victor Estrada
|
0-0: Called Strike 0-1: Ball 1-1: Ball 2-1: Foul Ball, location: 2F 2-2: 2-RUN HOME RUN (Flyball, 89XD, EV 105.6 MPH), Distance : 402 ft
|
Batting: SHB Sam Fredrick
|
0-0: Foul Ball, location: 2F 0-1: Foul Ball, location: 2F 0-2: Foul Ball, location: 2F 0-2: Ball 1-2: SINGLE (Groundball, 4MD, EV 100.6 MPH)
|
Pitching: RHP Alex Covarrubias
|
|
Batting: LHB Jessie Whedbee
|
0-0: Swinging Strike 0-1: Ball 1-1: Ball 2-1: Ball 3-1: Swinging Strike 3-2: Foul Ball, location: 2F 3-2: Foul Ball, location: 2F 3-2: Base on Balls Sam Fredrick to second
|
Batting: RHB Nick Maxwell
|
0-0: Called Strike 0-1: Foul Ball, location: 2F 0-2: Ball 1-2: 3-RUN HOME RUN (Flyball, 78XD, EV 106.9 MPH), Distance : 412 ft
|
Batting: RHB Jose Hurtado
|
0-0: Fly out, F7 (Line Drive, 7S, EV 101.2 MPH)
|
Batting: RHB Mike Ryan
|
0-0: Fly out, F9 (Flyball, 9LM, EV 95.6 MPH)
|
Bottom of the 5th over - 5 runs, 4 hits, 0 errors, 0 left on base; Grand Junction 17 - Philadelphia (APP) 5 |
TOP OF THE 6TH |
Grand Junction Rockies batting - Pitching for Philadelphia (APP) Phillies : RHP Robert Chauvel
|
Batting: SHB Justin Jackson
|
0-0: SINGLE (Groundball, 3D, EV 97.5 MPH)
|
Batting: RHB Edwin Bejarano
|
0-0: Called Strike 0-1: Ball 1-1: Foul Ball, location: 2F 1-2: Ball 2-2: Strikes out looking
|
Pitching: RHP Franck Basset
|
|
Batting: RHB Dan Hoffman
|
0-0: Foul Ball, location: 2F 0-1: Ball 1-1: SINGLE (Groundball, 6MD, EV 108.1 MPH) Justin Jackson to second
|
Batting: LHB Georges Lambert
|
0-0: Ball 1-0: Called Strike 1-1: Foul Ball, location: 2F 1-2: 3-RUN HOME RUN (Flyball, 7LD, EV 96.2 MPH), Distance : 355 ft
|
Batting: LHB Tom Bemis
|
0-0: Called Strike 0-1: Called Strike 0-2: Strikes out looking
|
Batting: SHB Oscar Barahona
|
0-0: Foul Ball, location: 2F 0-1: Fly out, F8 (Line Drive, 8RM, EV 88.1 MPH)
|
Top of the 6th over - 3 runs, 3 hits, 0 errors, 0 left on base; Grand Junction 20 - Philadelphia (APP) 5 |
BOTTOM OF THE 6TH |
Philadelphia (APP) Phillies batting - Pitching for Grand Junction Rockies : RHP Alex Covarrubias
|
Batting: RHB Takuzo Sato
|
0-0: Swinging Strike 0-1: Foul Ball, location: 2F 0-2: Strikes out swinging
|
Batting: RHB Rüdiger Stritter
|
0-0: SINGLE (Groundball, 4D, EV 103.8 MPH)
|
Pitching: RHP Ricardo Roman
|
|
Batting: RHB Dan Doggett
|
0-0: Ball 1-0: Fielders Choice at 2nd, 5-4 (Groundball, 56, EV 86.2 MPH)
|
Batting: LHB Victor Estrada
|
0-0: Ball 1-0: Foul Ball, location: 2F 1-1: Fielders Choice at 2nd, 6-4 (Groundball, 6MD, EV 87.5 MPH)
|
Bottom of the 6th over - 0 runs, 1 hit, 0 errors, 1 left on base; Grand Junction 20 - Philadelphia (APP) 5 |
TOP OF THE 7TH |
Grand Junction Rockies batting - Pitching for Philadelphia (APP) Phillies : RHP Franck Basset
|
Batting: SHB J.D. Newman
|
0-0: Ball 1-0: Ball 2-0: Ball 3-0: Base on Balls
|
Batting: RHB Xavier Williams
|
0-0: Fielders Choice at 2nd, 3-6 (Groundball, 3, EV 91.2 MPH)
|
Batting: RHB Tom Gentry
|
0-0: Ball Passed Ball! Xavier Williams to second 1-0: Ball 2-0: 2-RUN HOME RUN (Flyball, 78XD, EV 100.6 MPH), Distance : 408 ft
|
Batting: SHB Justin Jackson
|
0-0: Called Strike 0-1: Ball 1-1: SINGLE (Flyball, 6MD, EV 88.8 MPH)
|
Batting: RHB Edwin Bejarano
|
0-0: Called Strike 0-1: Ball 1-1: Foul Ball, location: 2F 1-2: 2-RUN HOME RUN (Flyball, 8RXD, EV 114.4 MPH), Distance : 437 ft
|
Batting: RHB Dan Hoffman
|
0-0: SOLO HOME RUN (Line Drive, 7LD, EV 95.0 MPH), Distance : 359 ft
|
Batting: LHB Georges Lambert
|
0-0: SINGLE (Groundball, P, EV 90.0 MPH) (infield hit)
|
Batting: LHB Tom Bemis
|
0-0: 2-RUN HOME RUN (Flyball, 9LD, EV 98.1 MPH), Distance : 394 ft
|
Batting: SHB Oscar Barahona
|
0-0: Foul Ball, location: 2F 0-1: Called Strike 0-2: Strikes out swinging
|
Batting: SHB J.D. Newman
|
0-0: Fly out, F9 (Line Drive, 89M, EV 89.4 MPH)
|
Top of the 7th over - 7 runs, 6 hits, 0 errors, 0 left on base; Grand Junction 27 - Philadelphia (APP) 5 |
BOTTOM OF THE 7TH |
Philadelphia (APP) Phillies batting - Pitching for Grand Junction Rockies : RHP Ricardo Roman
|
Batting: SHB Sam Fredrick
|
0-0: Foul Ball, location: 2F 0-1: Foul Ball, location: 2F 0-2: Ball 1-2: SOLO HOME RUN (Flyball, 9D, EV 100.0 MPH), Distance : 385 ft
|
Batting: LHB Jessie Whedbee
|
0-0: Ball 1-0: Called Strike 1-1: Ball 2-1: Foul Ball, location: 2F 2-2: Foul Ball, location: 2F 2-2: Ball 3-2: Base on Balls
|
Batting: RHB Nick Maxwell
|
0-0: Called Strike 0-1: Called Strike 0-2: Ball 1-2: Hit by Pitch Jessie Whedbee to second
|
Pitching: RHP Diego Arredondo
|
|
Batting: RHB Jose Hurtado
|
0-0: Fly out, F9 (Flyball, 9, EV 93.1 MPH)
|
Batting: RHB Mike Ryan
|
0-0: Called Strike 0-1: Swinging Strike 0-2: Strikes out swinging
|
Batting: RHB Takuzo Sato
|
0-0: Called Strike 0-1: Ball 1-1: Foul Ball, location: 2F 1-2: Ball 2-2: Strikes out swinging
|
Bottom of the 7th over - 1 run, 1 hit, 0 errors, 2 left on base; Grand Junction 27 - Philadelphia (APP) 6 |
TOP OF THE 8TH |
Grand Junction Rockies batting - Pitching for Philadelphia (APP) Phillies : RHP Franck Basset
|
Batting: RHB Xavier Williams
|
0-0: SINGLE (Groundball, 34D, EV 103.1 MPH)
|
Batting: RHB Tom Gentry
|
0-0: Fly out, F9 (Line Drive, 9, EV 110.0 MPH)
|
Batting: SHB Justin Jackson
|
0-0: Ball 1-0: Ground out 6-3 (Groundball, P, EV 93.1 MPH) Xavier Williams to second
|
Batting: RHB Edwin Bejarano
|
0-0: Ball 1-0: Foul Ball, location: 2F 1-1: Ball 2-1: Ball 3-1: SINGLE (Groundball, 6, EV 96.2 MPH) Xavier Williams to third
|
Batting: RHB Dan Hoffman
|
0-0: Ball Passed Ball! Xavier Williams scores Edwin Bejarano to second 1-0: Called Strike 1-1: Ball Passed Ball! Edwin Bejarano to third 2-1: Ball Passed Ball! Edwin Bejarano scores 3-1: Base on Balls
|
Batting: LHB Georges Lambert
|
0-0: Foul Ball, location: 2F 0-1: Swinging Strike 0-2: Ground out 4-3 (Groundball, 4, EV 103.1 MPH)
|
Top of the 8th over - 2 runs, 2 hits, 0 errors, 1 left on base; Grand Junction 29 - Philadelphia (APP) 6 |
BOTTOM OF THE 8TH |
Philadelphia (APP) Phillies batting - Pitching for Grand Junction Rockies : RHP Diego Arredondo
|
Batting: RHB Rüdiger Stritter
|
0-0: Called Strike 0-1: Ball 1-1: Called Strike 1-2: Strikes out swinging
|
Batting: RHB Dan Doggett
|
0-0: Ball 1-0: Ball 2-0: Called Strike 2-1: Foul Ball, location: 2F 2-2: Foul Ball, location: 2F 2-2: SINGLE (Line Drive, 3D, EV 99.4 MPH)
|
Pitching: RHP Aaron O'Brien
|
|
Batting: LHB Victor Estrada
|
0-0: Foul Ball, location: 2F 0-1: Foul Ball, location: 2F 0-2: Ball 1-2: Fly out, F8 (Flyball, 8RXD, EV 91.2 MPH)
|
Batting: SHB Sam Fredrick
|
0-0: Fielders Choice at 2nd, U4 (Groundball, 4M, EV 103.1 MPH)
|
Bottom of the 8th over - 0 runs, 1 hit, 0 errors, 1 left on base; Grand Junction 29 - Philadelphia (APP) 6 |
TOP OF THE 9TH |
Grand Junction Rockies batting - Pitching for Philadelphia (APP) Phillies : RHP Franck Basset
|
Batting: LHB Tom Bemis
|
0-0: Called Strike 0-1: Foul Ball, location: 2F 0-2: Ball 1-2: Ball 2-2: SOLO HOME RUN (Flyball, 8LXD, EV 113.1 MPH), Distance : 426 ft
|
Batting: SHB Oscar Barahona
|
0-0: Ball 1-0: DOUBLE (Line Drive, 89D, EV 99.4 MPH)
|
Batting: SHB J.D. Newman
|
0-0: Called Strike 0-1: Swinging Strike Passed Ball! Oscar Barahona to third 0-2: Strikes out swinging
|
Batting: RHB Xavier Williams
|
0-0: Ground out 3-1 (Groundball, 34, EV 82.5 MPH) Oscar Barahona scores
|
Batting: RHB Tom Gentry
|
0-0: Ball 1-0: Swinging Strike 1-1: Called Strike 1-2: Strikes out swinging
|
Top of the 9th over - 2 runs, 2 hits, 0 errors, 0 left on base; Grand Junction 31 - Philadelphia (APP) 6 |
BOTTOM OF THE 9TH |
Philadelphia (APP) Phillies batting - Pitching for Grand Junction Rockies : RHP Aaron O'Brien
|
Batting: LHB Jessie Whedbee
|
0-0: Called Strike 0-1: Ball 1-1: Ball 2-1: Called Strike 2-2: Ball 3-2: Foul Ball, location: 2F 3-2: Base on Balls
|
Batting: RHB Nick Maxwell
|
0-0: Ball 1-0: Ball 2-0: Called Strike 2-1: Foul Ball, location: 2F 2-2: Ball 3-2: Base on Balls Jessie Whedbee to second
|
Pitching: RHP Jim Crooks
|
|
Batting: RHB Jose Hurtado
|
0-0: Ball 1-0: SINGLE (Groundball, 56S, EV 73.8 MPH) (infield hit) Jessie Whedbee to third Nick Maxwell to second
|
Batting: RHB Mike Ryan
|
0-0: Ball 1-0: Ball 2-0: Called Strike 2-1: Called Strike 2-2: Strikes out looking
|
Batting: RHB Takuzo Sato
|
0-0: Foul Ball, location: 2F 0-1: Foul Ball, location: 2F 0-2: Fielders Choice at 2nd, 6-4 (Groundball, 6, EV 98.8 MPH) Jessie Whedbee scores Nick Maxwell to third
|
Batting: RHB Rüdiger Stritter
|
0-0: Ball 1-0: Ball 2-0: Called Strike 2-1: Ground out 1-3 (Groundball, 15S, EV 75.0 MPH)
|
Bottom of the 9th over - 1 run, 1 hit, 0 errors, 2 left on base; Grand Junction 31 - Philadelphia (APP) 7 |
|